Map: Acropolis LE

Players

Nigrnog - Winner!

  • Race: Zerg Zerg
  • League: Silver
  • Spawn Location: 5:00

MooEsqoo

  • Race: Zerg Zerg
  • Spawn Location: 11:00

VOD

Have the link to the VOD?

Description

Time

  • Played on: Dec. 18, 2019, 6:41 a.m.
  • Length: 12:21
Show
View Real Time Build Order
Export as new Build Order

Nigrnog Zerg - Winner!

Build Orders: Hatch First, Muta Ling Bane 

Get SALT Encoding   

  12  0:01  Drone  
  13  0:08  Drone  
  14  0:16  Overlord  
  14  0:36  Drone  
  14  0:37  Drone  
  16  0:50  Hatchery  
  16  0:53  Drone  
  16  0:59  Drone  
  16  1:02  Drone  
  18  1:07  Extractor  
  18  1:10  Drone  
  18  1:23  Drone, Spawning Pool  
  18  1:32  Drone  
  19  1:42  Drone  
  20  1:52  Overlord  
  20  2:02  Drone  
  21  2:14  Queen  
  23  2:18  Queen  
  25  2:25  Zergling x2, Hatchery  
  25  2:26  Zergling x2  
  25  2:29  Zergling x2  
  27  2:34  Metabolic Boost  
  27  2:40  Drone  
  27  2:41  Drone  
  29  2:44  Drone  
  30  2:51  Drone  
  30  2:52  Drone  
  32  2:59  Baneling Nest  
  32  3:02  Evolution Chamber  
  30  3:06  Drone  
  31  3:13  Lair  
  31  3:17  Drone  
  31  3:18  Zergling x2  
  33  3:21  Zergling x2  
  33  3:26  Overlord  
  34  3:35  Drone x2  
  34  3:38  Drone  
  37  3:41  Queen  
  37  3:46  Overlord  
  39  3:56  Extractor  
  39  3:58  Extractor  
  39  4:00  Drone x3  
  39  4:01  Extractor, Pneumatized Carapace  
  39  4:04  Drone  
  40  4:13  Zergling x4  
  40  4:14  Zergling x4  
  44  4:25  Drone x4  
  49  4:31  Drone x4  
  49  4:34  Drone  
  53  4:39  Overlord  
  53  4:44  Drone  
  53  4:45  Drone  
  55  5:03  Spire  
  54  5:10  Spire  
  54  5:12  Drone x3  
  54  5:13  Drone x2  
  58  5:20  Zergling x6  
  58  5:21  Zergling x2  
  62  5:24  Overlord  
  62  5:46  Extractor  
  62  5:47  Baneling  
  62  5:48  Baneling x9  
  61  5:59  Infestation Pit  
  61  6:03  Drone x5  
  65  6:06  Overlord x3  
  65  6:19  Hatchery, Burrow  
  64  6:25  Mutalisk x2  
  64  6:26  Mutalisk  
  64  6:30  Centrifical Hooks  
  70  6:37  Queen  
  72  6:44  Drone x2  
  72  6:45  Drone x4  
  78  6:47  Overlord  
  78  6:53  Drone x3  
  81  6:54  Drone  
  81  6:57  Mutalisk  
  84  7:06  Drone x5  
  84  7:08  Overseer x2  
  89  7:25  Drone x4  
  89  7:26  Drone x2  
  95  7:38  Hive  
  95  7:40  Mutalisk x6  
  107  7:47  Baneling x3  
  107  7:52  Extractor  
  107  7:53  Drone x2  
  107  7:54  Drone, Queen  
  111  8:12  Hatchery, Overlord x6  
  110  8:30  Drone x5  
  115  8:51  Mutalisk x5  
  115  8:52  Mutalisk x4  
  115  8:54  Zergling x10  
  138  9:05  Queen  
  138  9:06  Drone x2  
  138  9:08  Greater Spire  
  142  9:12  Zerg Flyer Weapons Level 1  
  142  9:22  Mutalisk  
  144  9:25  Zergling x14  
  151  9:38  Drone x3  
  151  9:41  Hatchery  
  153  9:47  Zerg Ground Armor Level 1  
  153  9:53  Evolution Chamber  
  153  9:54  Evolution Chamber  
  126  10:25  Zergling x8  
  126  10:26  Zergling x10  
  126  10:27  Zergling x16  
  126  10:28  Zergling x14  
  149  10:35  Adrenal Glands  
  150  10:37  Mutalisk x5  
  160  10:44  Zergling x2  
  136  11:19  Zergling x8  
  136  11:20  Zergling x16  
  136  11:21  Zergling x8  
  152  11:44  Mutalisk x8  
  152  11:45  Mutalisk x2  
Show
View Real Time Build Order
Export as new Build Order

MooEsqoo Zerg 

Build Orders: Hatch First 

Get SALT Encoding   

  12  0:03  Drone  
  13  0:13  Overlord  
  13  0:17  Drone  
  14  0:31  Drone  
  14  0:32  Drone  
  16  0:42  Drone  
  17  0:53  Hatchery  
  17  0:56  Drone  
  17  1:06  Drone  
  18  1:17  Extractor  
  17  1:20  Spawning Pool  
  17  1:23  Drone x2  
  18  1:29  Drone  
  19  1:42  Drone  
  20  1:52  Drone  
  21  2:06  Drone x2  
  23  2:12  Queen  
  23  2:13  Queen  
  27  2:18  Metabolic Boost  
  27  2:22  Zergling x2  
  28  2:24  Overlord  
  28  2:44  Drone x2, Zergling x2  
  28  2:45  Drone  
  32  3:06  Drone x2  
  32  3:07  Drone x2  
  32  3:08  Hatchery  
  35  3:16  Overlord x2  
  35  3:34  Queen x2  
  35  3:38  Drone x2  
  35  3:39  Drone x2  
  35  3:40  Drone x2, Overlord x2  
  45  3:49  Drone  
  46  4:02  Drone x3  
  49  4:15  Queen  
  51  4:28  Roach Warren  
  51  4:29  Extractor  
  49  4:31  Extractor  
  49  4:34  Extractor  
  47  4:44  Evolution Chamber  
  46  4:54  Evolution Chamber  
  45  5:10  Drone x7  
  45  5:11  Drone  
  45  5:12  Roach x4  
  45  5:13  Roach x3  
  67  5:31  Zerg Missile Weapons Level 1  
  67  5:32  Zerg Ground Armor Level 1  
  67  5:34  Lair  
  67  5:46  Drone x3  
  67  5:47  Drone x4, Overlord x3  
  67  5:48  Overlord  
  67  5:49  Overlord  
  74  5:52  Overlord  
  74  6:18  Extractor  
  74  6:20  Extractor  
  74  6:24  Drone  
  74  6:25  Drone x3  
  76  6:26  Drone x3  
  76  6:27  Drone x2, Zergling x4  
  76  6:28  Zergling x4  
  76  6:29  Zergling x2  
  76  6:30  Roach  
  76  6:32  Ravager x7  
  95  6:56  Zergling x2  
  95  6:57  Roach x3  
  95  6:58  Roach x4, Hatchery  
  109  7:07  Ravager  
  110  7:24  Ravager x3  
  110  7:25  Ravager  
  110  7:29  Zerg Missile Weapons Level 2  
  114  7:31  Glial Reconstitution  
  114  7:50  Zerg Ground Armor Level 2  
  114  7:53  Zergling x8  
  114  7:54  Zergling x8  
  114  7:55  Overlord x2  
  114  7:56  Overlord x5  
  114  7:57  Overlord  
  122  8:12  Drone x4  
  126  8:13  Drone x2  
  126  8:14  Drone x3  
  131  8:35  Roach  
  131  8:36  Roach x7  
  131  8:37  Roach  
  131  8:39  Ravager  
  131  8:40  Ravager x2  
  152  8:46  Zergling x2  
  152  8:47  Zergling x4  
  155  8:57  Ravager  
  155  8:58  Ravager x5  
  155  9:00  Ravager  
  162  9:04  Ravager x2  
  164  9:18  Overlord x2  
  164  9:19  Overlord  
  164  9:27  Zergling x8  
  164  9:28  Zergling x10  
  173  9:40  Zergling x14  
  173  9:41  Zergling x10  
  163  10:16  Roach x7  
  163  10:17  Roach x7  
  163  10:18  Roach  
  163  10:21  Roach x3  
  199  10:51  Extractor  
  164  11:30  Spire  
Tags
 
Composition
Muta Ling Bane
League
Silver
Matchup
ZvZ
Race
Zerg
Spawn Locations
Cross Positions
Add a new tag
Caveats
  • Supply blocks, unpowered buildings, or Contaminate may cause inaccurate times.
  • Supply counts are checked every 10 seconds.